General information
- name: BNet
- type: Ladder team game (AT/RT)
- host: Battle.net
- saver: LokisTricks
map: Cherryville
- players: 8
- length: 20:56
- speed: Fast
- version: 1.26 W3XP
- replay type: Public
» download(135 KB)
Players
team 1 (winner)

»
chuchoelroto (
pink | 52 APM | 1092 actions | 20:56)
5 Demon Hunter
2 Mana Burn
3 Evasion
4 Goblin Tinker
2 Cluster Rockets
2 Engineering Upgrade
3 Priestess of the Moon
2 Trueshot Aura
1 Searing Arrows
» actions
| Assign group hotkey | 41 | |
| Basic commands | 9 | |
| Build / train | 89 | |
| Enter build submenu | 18 | |
| Enter hero's abilities submenu | 12 | |
| Give item / drop item | 2 | |
| Right click | 277 | |
| Select / deselect | 355 | |
| Select group hotkey | 226 | |
| Use ability | 63 | |
1092 total
» units
| Wisp | 21 | |
| Archer | 19 | |
| Hippogryph | 11 | |
51 total
» upgrades
| Strength of the Wild | 3 | |
| Strength of the Moon | 3 | |
| Marksmanship | 1 | |
| Hippogryph Taming | 1 | |
| Improved Bows | 1 | |
| Moon Armor | 2 | |
| Reinforced Hides | 1 | |
12 total
» buildings
| Altar of Elders | 1 | |
| Moon Well | 8 | |
| Ancient of War | 2 | |
| Hunter's Hall | 1 | |
| Ancient of Wonders | 1 | |
| Tree of Ages | 1 | |
| Tree of Eternity | 1 | |
| Tree of Life | 1 | |
| Ancient of Wind | 4 | |
20 total
» build order
00:11 Altar of Elders
00:19 Moon Well
01:09 Ancient of War
01:32 Moon Well
02:02 Ancient of War
02:32 Hunter's Hall
02:55 Ancient of Wonders
03:28 Moon Well
04:33 Tree of Ages
04:55 Moon Well
06:55 Tree of Eternity
07:05 Tree of Life
07:33 Ancient of Wind
09:54 Ancient of Wind
10:11 Moon Well
10:40 Moon Well
12:35 Moon Well
16:41 Moon Well
20:21 Ancient of Wind
20:24 Ancient of Wind
» items
| Circlet of Nobility | 1 | |
| Scroll of Town Portal | 3 | |
| Potion of Healing | 1 | |
| Orb of Venom | 2 | |
| Potion of Lesser Invulnerability | 1 | |
| Scroll of Healing | 1 | |
9 total
LokisTricks (
green | 55 APM | 1154 actions | 20:56)
5 Blood Mage
3 Flame Strike
2 Siphon Mana
» actions
| Assign group hotkey | 40 | |
| Basic commands | 14 | |
| Build / train | 60 | |
| Enter build submenu | 46 | |
| Enter hero's abilities submenu | 5 | |
| Give item / drop item | 2 | |
| Right click | 530 | |
| Select / deselect | 253 | |
| Select group hotkey | 83 | |
| Use ability | 121 | |
1154 total
» units
| Peasant | 12 | |
| Footman | 4 | |
| Goblin Shredder | 1 | |
| Sorceress | 4 | |
21 total
» upgrades
| Masonry | 2 | |
| Lumber Harvesting | 1 | |
| Sorceress Training | 1 | |
| Magic Sentry | 1 | |
5 total
» buildings
| Altar of Kings | 1 | |
| Barracks | 1 | |
| Farm | 6 | |
| Arcane Vault | 1 | |
| Town Hall | 1 | |
| Scout Tower | 43 | |
| Lumber Mill | 1 | |
| Keep | 1 | |
| Guard Tower | 8 | |
| Arcane Tower | 1 | |
| Arcane Sanctum | 2 | |
66 total
» build order
00:36 Altar of Kings
00:37 Barracks
00:53 Farm
01:05 Farm
01:06 Farm
01:39 Farm
01:39 Farm
03:05 Arcane Vault
03:52 Town Hall
03:58 Scout Tower
03:59 Scout Tower
04:03 Lumber Mill
04:51 Keep
05:12 Guard Tower
05:16 Guard Tower
05:25 Scout Tower
05:25 Scout Tower
05:26 Scout Tower
05:28 Scout Tower
06:19 Arcane Tower
07:05 Guard Tower
07:08 Scout Tower
07:08 Scout Tower
07:10 Scout Tower
07:11 Scout Tower
07:13 Scout Tower
07:14 Scout Tower
07:37 Farm
08:10 Guard Tower
08:14 Arcane Sanctum
08:17 Arcane Sanctum
08:41 Guard Tower
08:44 Scout Tower
08:45 Scout Tower
08:45 Scout Tower
09:40 Guard Tower
09:41 Scout Tower
09:47 Scout Tower
09:47 Scout Tower
09:47 Scout Tower
09:48 Scout Tower
09:49 Scout Tower
09:50 Scout Tower
09:52 Scout Tower
09:53 Scout Tower
10:27 Guard Tower
17:26 Scout Tower
17:26 Scout Tower
17:26 Scout Tower
17:27 Scout Tower
17:30 Scout Tower
17:30 Scout Tower
17:31 Scout Tower
17:32 Scout Tower
17:35 Scout Tower
17:56 Guard Tower
20:25 Scout Tower
20:25 Scout Tower
20:26 Scout Tower
20:27 Scout Tower
20:27 Scout Tower
20:27 Scout Tower
20:28 Scout Tower
» items
| Scroll of Regeneration | 3 | |
| Boots of Speed | 1 | |
| Staff of Teleportation | 1 | |
| Potion of Invisibility | 2 | |
| Periapt of Vitality | 1 | |
| Scroll of Town Portal | 4 | |
| Potion of Mana | 2 | |
| Lesser Clarity Potion | 2 | |
| Potion of Healing | 2 | |
18 total
andre_vetbr (
red | 38 APM | 806 actions | 20:56)
7 Blademaster
1 Wind Walk
3 Critical Strike
2 Mirror Image
1 Bladestorm
» actions
| Build / train | 58 | |
| Enter build submenu | 30 | |
| Enter hero's abilities submenu | 7 | |
| Give item / drop item | 1 | |
| Right click | 386 | |
| Select / deselect | 253 | |
| Use ability | 71 | |
806 total
» units
| Peon | 9 | |
| Grunt | 5 | |
| Troll Witch Doctor | 5 | |
| Goblin Shredder | 1 | |
| Tauren | 5 | |
| Troll Batrider | 4 | |
29 total
» upgrades
| Spiked Barricades | 1 | |
| Melee Weapons | 3 | |
| Witch Doctor Training | 2 | |
| Reinforced Defenses | 1 | |
| Armor | 3 | |
| Pulverize | 1 | |
11 total
» buildings
| Altar of Storms | 1 | |
| Orc Burrow | 7 | |
| Barracks | 1 | |
| Voodoo Lounge | 1 | |
| Stronghold | 1 | |
| Great Hall | 1 | |
| War Mill | 1 | |
| Fortress | 1 | |
| Spirit Lodge | 1 | |
| Watch Tower | 8 | |
| Tauren Totem | 2 | |
| Beastiary | 2 | |
27 total
» build order
00:06 Altar of Storms
00:11 Orc Burrow
00:34 Barracks
01:27 Orc Burrow
02:28 Orc Burrow
03:17 Voodoo Lounge
04:12 Orc Burrow
04:51 Stronghold
05:20 Great Hall
06:27 War Mill
06:30 Orc Burrow
07:21 Fortress
07:43 Spirit Lodge
08:23 Orc Burrow
08:54 Watch Tower
09:55 Tauren Totem
09:58 Tauren Totem
10:42 Watch Tower
11:09 Watch Tower
11:14 Watch Tower
12:38 Watch Tower
13:31 Orc Burrow
14:19 Watch Tower
16:38 Watch Tower
16:49 Beastiary
16:51 Beastiary
17:49 Watch Tower
» items
| Healing Salve | 4 | |
| Orb of Lightning | 1 | |
| Scroll of Town Portal | 2 | |
7 total

»
Spartacus87 (
teal | 21 APM | 443 actions | 20:56)
5 Tauren Chieftain
1 War Stomp
3 Endurance Aura
1 Shockwave
3 Far Seer
2 Feral Spirit
1 Chain Lighting
» actions
| Assign group hotkey | 18 | |
| Basic commands | 32 | |
| Build / train | 70 | |
| Enter build submenu | 16 | |
| Enter hero's abilities submenu | 8 | |
| Right click | 61 | |
| Select / deselect | 135 | |
| Select group hotkey | 50 | |
| Use ability | 53 | |
443 total
» units
| Peon | 7 | |
| Grunt | 15 | |
| Shaman | 10 | |
| Tauren | 1 | |
33 total
» upgrades
| Shaman Training | 2 | |
| Armor | 3 | |
| Berserker Strength | 1 | |
| Melee Weapons | 3 | |
| Pillage | 1 | |
| Burning Oil | 1 | |
| Pulverize | 1 | |
12 total
» buildings
| Altar of Storms | 1 | |
| Orc Burrow | 5 | |
| War Mill | 1 | |
| Voodoo Lounge | 1 | |
| Barracks | 1 | |
| Stronghold | 1 | |
| Spirit Lodge | 1 | |
| Fortress | 1 | |
| Tauren Totem | 3 | |
15 total
» build order
00:29 Altar of Storms
00:48 Orc Burrow
01:09 War Mill
01:25 Voodoo Lounge
01:42 Barracks
02:37 Orc Burrow
03:30 Stronghold
04:59 Orc Burrow
06:01 Orc Burrow
06:09 Spirit Lodge
07:50 Fortress
16:32 Tauren Totem
16:40 Tauren Totem
16:45 Tauren Totem
17:56 Orc Burrow
» items
| Healing Salve | 3 | |
| Periapt of Vitality | 1 | |
| Potion of Healing | 5 | |
| Orb of Lightning | 1 | |
| Scroll of Town Portal | 3 | |
13 total
team 2 (loser)

»
Whateverworks (
orange | 65 APM | 1341 actions | 20:36)
5 Firelord
3 Soul Burn
2 Summon Lava Spawn
» actions
| Assign group hotkey | 220 | |
| Basic commands | 25 | |
| Build / train | 74 | |
| ESC pressed | 4 | |
| Enter build submenu | 20 | |
| Enter hero's abilities submenu | 5 | |
| Right click | 531 | |
| Select / deselect | 224 | |
| Select group hotkey | 182 | |
| Use ability | 56 | |
1341 total
» units
| Wisp | 24 | |
| Archer | 5 | |
| Huntress | 5 | |
| Faerie Dragon | 4 | |
| Hippogryph | 8 | |
| Druid of the Talon | 1 | |
| Dryad | 6 | |
53 total
» upgrades
| Strength of the Wild | 3 | |
| Reinforced Hides | 3 | |
| Ultravision | 1 | |
| Druid of the Claw Training | 2 | |
| Druid of the Talon Training | 1 | |
| Abolish Magic | 1 | |
| Well Spring | 1 | |
12 total
» buildings
| Altar of Elders | 1 | |
| Moon Well | 6 | |
| Ancient of War | 1 | |
| Ancient of Wonders | 2 | |
| Hunter's Hall | 1 | |
| Tree of Ages | 1 | |
| Tree of Life | 1 | |
| Ancient Protector | 5 | |
| Ancient of Wind | 2 | |
| Ancient of Lore | 1 | |
| Tree of Eternity | 1 | |
22 total
» build order
00:14 Altar of Elders
00:18 Moon Well
00:43 Ancient of War
01:49 Moon Well
02:09 Moon Well
02:48 Ancient of Wonders
03:26 Hunter's Hall
05:07 Tree of Ages
06:09 Moon Well
07:06 Tree of Life
07:10 Moon Well
08:12 Moon Well
08:27 Ancient Protector
09:16 Ancient of Wind
09:38 Ancient of Wonders
10:23 Ancient of Wind
11:18 Ancient of Lore
11:25 Tree of Eternity
11:41 Ancient Protector
11:47 Ancient Protector
12:27 Ancient Protector
12:50 Ancient Protector
» items
3_Heroes (
blue | 60 APM | 1239 actions | 20:41)
4 Paladin
2 Holy Light
1 Divine Shield
1 Devotion Aura
2 Mountain King
1 Storm Bolt
1 Bash
» actions
| Assign group hotkey | 15 | |
| Basic commands | 177 | |
| Build / train | 94 | |
| Enter build submenu | 38 | |
| Enter hero's abilities submenu | 6 | |
| Give item / drop item | 1 | |
| Right click | 245 | |
| Select / deselect | 260 | |
| Select group hotkey | 320 | |
| Use ability | 83 | |
1239 total
» units
| Peasant | 24 | |
| Footman | 3 | |
| Rifleman | 13 | |
| Gryphon Rider | 4 | |
44 total
» upgrades
| Defend | 1 | |
| Plating | 1 | |
| Gunpowder | 2 | |
| Swords | 2 | |
| Long Rifles | 1 | |
| Lumber Harvesting | 2 | |
| Masonry | 1 | |
| Storm Hammers | 1 | |
| Animal War Training | 1 | |
| Armor | 1 | |
13 total
» buildings
| Farm | 9 | |
| Barracks | 1 | |
| Altar of Kings | 1 | |
| Lumber Mill | 1 | |
| Blacksmith | 1 | |
| Scout Tower | 16 | |
| Guard Tower | 14 | |
| Arcane Tower | 2 | |
| Town Hall | 1 | |
| Arcane Vault | 1 | |
| Keep | 1 | |
| Gryphon Aviary | 2 | |
| Castle | 1 | |
51 total
» build order
00:23 Farm
00:42 Barracks
01:07 Altar of Kings
01:23 Farm
01:38 Lumber Mill
01:53 Blacksmith
02:00 Farm
02:19 Scout Tower
02:39 Farm
03:02 Guard Tower
03:16 Scout Tower
03:27 Scout Tower
03:50 Arcane Tower
04:09 Scout Tower
04:45 Guard Tower
05:28 Town Hall
05:36 Scout Tower
05:42 Scout Tower
05:54 Farm
05:55 Guard Tower
06:03 Guard Tower
06:08 Scout Tower
06:14 Guard Tower
06:18 Scout Tower
07:10 Guard Tower
07:11 Arcane Tower
07:27 Arcane Vault
07:41 Scout Tower
08:28 Guard Tower
08:33 Scout Tower
08:45 Scout Tower
09:43 Keep
09:52 Guard Tower
10:10 Guard Tower
10:20 Scout Tower
11:14 Guard Tower
11:18 Scout Tower
11:29 Scout Tower
12:29 Guard Tower
12:53 Guard Tower
13:07 Gryphon Aviary
13:10 Gryphon Aviary
13:43 Castle
16:09 Farm
16:23 Scout Tower
17:06 Guard Tower
17:24 Farm
18:46 Farm
18:48 Farm
18:53 Scout Tower
19:26 Guard Tower
» items
| Scroll of Regeneration | 3 | |
| Lesser Clarity Potion | 2 | |
| Scroll of Town Portal | 1 | |
| Potion of Healing | 3 | |
| Orb of Fire | 1 | |
| Staff of Sanctuary | 1 | |
11 total
danielowns (
purple | 47 APM | 987 actions | 20:55)
3 Death Knight
2 Death Coil
1 Unholy Aura
2 Lich
1 Frost Nova
1 Frost Armor
» actions
| Assign group hotkey | 14 | |
| Basic commands | 17 | |
| Build / train | 44 | |
| Enter build submenu | 16 | |
| Enter hero's abilities submenu | 5 | |
| Give item / drop item | 1 | |
| Right click | 541 | |
| Select / deselect | 177 | |
| Select group hotkey | 138 | |
| Use ability | 34 | |
987 total
» units
| Acolyte | 16 | |
| Ghoul | 4 | |
| Crypt Fiend | 5 | |
| Frost Wyrm | 4 | |
29 total
» upgrades
| Creature Attack | 1 | |
| Creature Carapace | 1 | |
| Web | 1 | |
3 total
» buildings
| Ziggurat | 9 | |
| Altar of Darkness | 1 | |
| Crypt | 1 | |
| Graveyard | 1 | |
| Halls of the Dead | 1 | |
| Nerubian Tower | 1 | |
| Black Citadel | 1 | |
| Sacrificial Pit | 1 | |
| Boneyard | 2 | |
| Tomb of Relics | 1 | |
| Spirit Tower | 1 | |
20 total
» build order
00:36 Ziggurat
00:38 Altar of Darkness
00:46 Crypt
01:00 Graveyard
02:08 Ziggurat
02:31 Ziggurat
03:06 Halls of the Dead
03:38 Nerubian Tower
05:37 Black Citadel
05:43 Sacrificial Pit
08:15 Boneyard
08:18 Boneyard
09:56 Tomb of Relics
09:58 Ziggurat
09:58 Ziggurat
10:00 Ziggurat
12:58 Ziggurat
12:59 Ziggurat
13:00 Ziggurat
14:46 Spirit Tower
» items
Amsterswim (
yellow | 20 APM | 423 actions | 20:43)
2 Crypt Lord
1 Impale
1 Carrion Beetles
1 Death Knight
1 Death Coil
» actions
| Basic commands | 68 | |
| Build / train | 47 | |
| Enter build submenu | 17 | |
| Enter hero's abilities submenu | 4 | |
| Right click | 3 | |
| Select / deselect | 217 | |
| Use ability | 67 | |
423 total
» units
| Acolyte | 8 | |
| Ghoul | 9 | |
| Necromancer | 7 | |
| Meatwagon | 1 | |
| Obsidian Statue | 1 | |
26 total
» upgrades
| Exhume Corpses | 1 | |
| Necromancer Training | 2 | |
| Disease Cloud | 1 | |
| Skeletal Mastery | 1 | |
| Skeletal Longevity | 1 | |
6 total
» buildings
| Ziggurat | 5 | |
| Altar of Darkness | 1 | |
| Crypt | 1 | |
| Nerubian Tower | 2 | |
| Graveyard | 1 | |
| Tomb of Relics | 1 | |
| Halls of the Dead | 1 | |
| Spirit Tower | 2 | |
| Black Citadel | 1 | |
| Temple of the Damned | 2 | |
| Slaughterhouse | 2 | |
19 total
» build order
00:32 Ziggurat
00:38 Altar of Darkness
01:46 Crypt
01:51 Nerubian Tower
01:56 Graveyard
02:24 Tomb of Relics
02:45 Ziggurat
03:36 Ziggurat
04:01 Ziggurat
04:18 Halls of the Dead
04:39 Nerubian Tower
04:52 Spirit Tower
05:19 Spirit Tower
08:02 Black Citadel
09:03 Ziggurat
09:55 Temple of the Damned
10:10 Slaughterhouse
11:00 Temple of the Damned
11:10 Slaughterhouse
» items
| Potion of Healing | 2 | |
| Potion of Mana | 2 | |
4 total
Chat log
(00:21 / All) LokisTricks: Get to work you sorry lot
(00:25 / All) LokisTricks: Move your bag of bones!
(00:35 / Allies) Spartacus87: SHUTUP!!!!!!!11111
(00:38 / Allies) Spartacus87: IM DA BOSS
(00:45 / Allies) chuchoelroto: hello guys
(00:51 / Allies) andre_vetbr: Taurens
(00:52 / Allies) chuchoelroto: w u guys making?
(00:58 / Allies) LokisTricks: Greetings
(01:01 / Allies) Spartacus87: spearchuckers
(01:02 / Allies) LokisTricks: I am making a Blood Mage.
(01:14 / Allies) chuchoelroto: are u a bs?????
(01:22 / Allies) LokisTricks: No, indeed not!
(01:26 / Allies) chuchoelroto: ok
(01:48 / Allies) chuchoelroto: u melle?
(01:56 / Allies) andre_vetbr: im taurens pink
(02:05 / Allies) chuchoelroto: and teal?
(02:06 / Allies) Spartacus87: NO IM TAURNES
(02:10 / Allies) chuchoelroto: see
(02:13 / Allies) Spartacus87: IM CATAPULTS
(02:17 / Allies) andre_vetbr: ...
(02:21 / Allies) Spartacus87: IM HGEROEESS
(02:23 / Allies) chuchoelroto: then im aa
(02:27 / Allies) Spartacus87: NO IM AA
(02:35 / Allies) chuchoelroto: damn
(02:49 / Allies) chuchoelroto: im any shity unit
(03:01 / Allies) chuchoelroto: since this is all fucked up
(10:33 / Allies) chuchoelroto: meet?
(10:41 / Allies) andre_vetbr: im rdy
(11:36 / Allies) chuchoelroto: come7
(11:40 / Allies) andre_vetbr: k
(12:30 / Allies) andre_vetbr: w8
(12:57 / Allies) chuchoelroto: units green
(13:13 / Allies) andre_vetbr: wtf
(13:15 / Allies) andre_vetbr: get units
(14:38 / Allies) andre_vetbr: aa
(15:03 / Allies) chuchoelroto: im out
(15:07 / Allies) chuchoelroto: teal is an nub
(15:15 / Allies) chuchoelroto: he hide
(15:44 / Allies) chuchoelroto: i duno who is worst
(15:48 / Allies) chuchoelroto: teal or green
(15:54 / Allies) andre_vetbr: get real units
(15:55 / Allies) andre_vetbr: wtf
(15:57 / Allies) LokisTricks: I'd say I'm a lot better than you
(16:16 / Allies) chuchoelroto: u have no units
(16:23 / Allies) andre_vetbr: w8 pink
(16:25 / Allies) andre_vetbr: need out
(16:28 / Allies) andre_vetbr: u*
(17:02 / Allies) chuchoelroto: make army u asshole greeeeeeeeeeeeeeen
(17:03 / Allies) andre_vetbr: go
(17:34 / Allies) andre_vetbr: wtf
(17:50 / Allies) LokisTricks: only blue and orange have an economy
(18:06 / Allies) chuchoelroto: the fuck u talking about
(18:09 / Allies) chuchoelroto: get army
(18:33 / Allies) andre_vetbr: come pink
(18:38 / Allies) chuchoelroto: dude
(18:42 / Allies) chuchoelroto: green is useless
(18:44 / Allies) chuchoelroto: im out
(18:46 / Allies) LokisTricks: watch replay
(18:47 / Allies) andre_vetbr: w8
(18:49 / Allies) LokisTricks: you will see how dumb you are
(18:56 / Allies) andre_vetbr: i need u
(19:04 / Allies) andre_vetbr: bats comin
(19:09 / Allies) LokisTricks: especially since I am feeding you whing faggot
(20:37 / Allies) LokisTricks: they will leave soon
(20:42 / Allies) LokisTricks: Watch replay pink
(20:45 / All) danielowns: LOL
(20:47 / Allies) LokisTricks: watch my blood mage
(20:47 / Allies) chuchoelroto: nicered
(20:51 / Allies) chuchoelroto: nice red
(20:52 / All) danielowns: oj has 4000 gold